 Dungeon Crawl Stone Soup version 0.23.1-37-gaa34b87b72 (webtiles) character file.

Game seed: 5318906895068647559

254 Rediskos the Shield-Bearer (level 6, -4/39 HPs)
             Began as a Gargoyle Fighter on Mar 24, 2019.
             Slain by an ogre
             ... wielding a +0 giant spiked club
              (14 damage)
             ... on level 4 of the Dungeon.
             The game lasted 00:06:01 (3565 turns).

Rediskos the Shield-Bearer (Gargoyle Fighter)       Turns: 3565, Time: 00:06:01

Health: -4/39      AC: 15    Str: 22    XL:     6   Next: 14%
Magic:  6/6        EV:  5    Int:  8    God:
Gold:   152        SH:  9    Dex:  9    Spells: 5/5 levels left

rFire    . . .     SeeInvis .   v - +1 morningstar
rCold    . . .     Gourm    .   c - +0 shield
rNeg     + . .     Faith    .   C - +0 chain mail
rPois    ∞         Spirit   .   (no helmet)
rElec    +         Reflect  .   (no cloak)
rCorr    .         Harm     .   l - +0 pair of gloves
MR       .....                  (no boots)
Stlth    ..........             (no amulet)
HPRegen  0.13/turn              (no ring)
MPRegen  0.10/turn              (no ring)

@: no status effects
A: negative energy resistance 1, electricity resistance, unbreathing,
petrification resistance, rot immunity, AC +4
a: no special abilities


You were on level 4 of the Dungeon.
You were not hungry.

You visited 1 branch of the dungeon, and saw 4 of its levels.

You collected 152 gold pieces.

Inventory:

Hand Weapons
 a - a +0 flail
 v - a +1 morningstar (weapon)
Armour
 b - a +0 scale mail
 c - a +0 shield (worn)
 l - a +0 pair of gloves (worn)
 o - a +1 large shield
 x - a +2 cloak
 C - a +0 chain mail (worn)
Jewellery
 q - a cursed -5 ring of strength {unknown}
 w - an uncursed ring of see invisible {unknown}
 y - an uncursed ring of positive energy {unknown}
Wands
 s - a wand of scattershot (5)
Scrolls
 i - 4 scrolls of teleportation
 m - 2 scrolls of remove curse
 u - 2 scrolls of identify
Potions
 d - 2 potions of might
 e - a potion of experience {unknown}
 g - a potion of lignification
 j - a potion of resistance
 k - 4 potions of heal wounds
 n - a potion of magic {unknown}
 p - 2 potions of berserk rage {unknown}
 z - a potion of ambrosia {unknown}
 B - a potion of haste {unknown}
Comestibles
 f - 8 rations
 h - 5 chunks of flesh


   Skills:
 + Level 4.3 Fighting
 * Level 4.1 Maces & Flails
 + Level 4.4 Armour
 + Level 4.4 Shields


You had 5 spell levels left.
You didn't know any spells.
Your spell library contained the following spells:

 Spells                   Type           Power        Failure   Level  Hunger
 Beastly Appendage        Tmut           #.....       100%        1    ##.....
 Sticks to Snakes         Tmut           #.......     100%        2    ###....
 Spider Form              Tmut/Pois      #.........   100%        3    ####...
 Ice Form                 Ice/Tmut       #.......     100%        4    #####..
 Blade Hands              Tmut           #.........   100%        5    ######.


Dungeon Overview and Level Annotations

Branches:
Dungeon (4/15)
 Temple: D:4-7

Altars:


Innate Abilities, Weirdness & Mutations

You are resistant to torment.
Your stone body is resilient. (AC +4)
You are immune to poison.
You resist negative energy. (rN+)
You are resistant to electric shocks. (rElec)
You can survive without breathing.
You are immune to petrification.
You are immune to rotting.


Message History

You are too injured to fight recklessly!
You are too injured to fight recklessly!
You are too injured to fight recklessly!
You are too injured to fight recklessly!
You are too injured to fight recklessly!
You are too injured to fight recklessly!
You are too injured to fight recklessly!
You are too injured to fight recklessly!
You are too injured to fight recklessly!
You are too injured to fight recklessly!
You are too injured to fight recklessly!
You are too injured to fight recklessly!
You are too injured to fight recklessly!
You are too injured to fight recklessly!
You are too injured to fight recklessly!
You are too injured to fight recklessly!
You barely miss the ogre.
The ogre is almost dead.
The ogre hits you with a +0 giant spiked club!
You die...

#.....# #..
#.....#######..
#########..............
#......................
#......................
#.$....................
#......>...............
#......................
#.....@##(....####.##.#
#.....O###########.##.#
#......##..............
#########..............
#......................
#......##......###...##
#......##......###...##
#......................
#......................


You could see an ogre.

Vanquished Creatures
  A scorpion (D:3)
  A hound (D:4)
  An orc wizard (D:4)
  A hound skeleton (D:4)
  6 adders
  A worm (D:3)
  2 dart slugs
  4 leopard geckos
  9 orcs
  5 goblins
  5 hobgoblins
  2 jackals (D:1)
  A quokka (D:4)
  A ball python (D:3)
  5 bats
  7 frilled lizards
  6 kobolds
  9 rats
67 creatures vanquished.

Notes
Turn   | Place    | Note
-------+----------+-------------------------------------------
     0 | D:1      | Rediskos the Gargoyle Fighter began the quest for the Orb.
     0 | D:1      | Reached XP level 1. HP: 14/14 MP: 1/1
   177 | D:1      | Reached XP level 2. HP: 19/19 MP: 2/2
   630 | D:1      | Reached XP level 3. HP: 23/23 MP: 3/3
  1409 | D:2      | Found a faded altar of an unknown god.
  1985 | D:3      | Reached XP level 4. HP: 22/29 MP: 4/4
  2895 | D:4      | Reached XP level 5. HP: 27/33 MP: 5/5
  3292 | D:4      | Reached XP level 6. HP: 37/38 MP: 6/6
  3565 | D:4      | Slain by an ogre

Skill      XL: |  1  2  3  4  5 |
---------------+----------------+-----
Maces & Flails | 3 4 |  4.1
Armour         | 4 |  4.4
Fighting       | 4 |  4.3
Shields        | 4 |  4.4

Action                   |  1- 3 |  4- 6 || total
-------------------------+-------+-------++-------
Melee: Flail             |   128 |    53 ||   181
       Morningstar       |       |   145 ||   145
  Use: Scroll            |     3 |     7 ||    10
  Eat: Chunk             |     3 |     6 ||     9
Armor: Scale mail        |    73 |    37 ||   110
       Chain mail        |       |    83 ||    83
Dodge: Dodged            |    54 |    70 ||   124
Block: Shield            |    80 |   128 ||   208
